 Dungeon Crawl Stone Soup version 0.28.0-1-gb440e238dd (webtiles) character file.

Game seed: 14198419983743115529

1327 Woods the Cleaver (level 8, -4/46 HPs)
             Began as a Gargoyle Fighter on Feb 23, 2022.
             Slain by an ogre (5 damage)
             ... on level 5 of the Dungeon.
             The game lasted 00:10:07 (6059 turns).

Woods the Cleaver (Gargoyle Fighter)                Turns: 6059, Time: 00:10:09

Health: -4/46      AC: 18    Str: 20    XL:     8   Next: 60%
Magic:  8/8        EV:  7    Int:  9    God:
Gold:   181        SH:  4    Dex: 11    Spells: 7/7 levels left

rFire   . . .      SeeInvis .   a - +0 war axe (vorpal)
rCold   . . .      Faith    .   c - +0 buckler
rNeg    + . .      Spirit   .   m - +0 chain mail
rPois   ∞          Reflect  .   (no helmet)
rElec   +          Harm     .   q - +1 cloak {rPois}
rCorr   .          Rampage  .   (no gloves)
Will    .....                   g - +0 pair of boots
Stlth   ..........              r - amulet of the acrobat
HPRegen 0.15/turn               (no ring)
MPRegen 0.11/turn               (no ring)

@: no status effects
A: sickness immunity, AC +5, negative energy resistance 1, electricity
resistance, torment resistance 1, petrification resistance
a: no special abilities


You were on level 5 of the Dungeon.
You visited 1 branch of the dungeon, and saw 5 of its levels.
You also visited: Ossuary.

You collected 181 gold pieces.

Inventory:

Hand Weapons
 a - a +0 vorpal war axe (weapon)
Armour
 c - a +0 buckler (worn)
 g - a +0 pair of boots (worn)
 m - a +0 chain mail (worn)
 q - a +1 cloak of poison resistance (worn)
Jewellery
 e - a ring of fire
 r - an amulet of the acrobat (around neck)
 w - a ring of magical power
Wands
 o - a wand of polymorph (8)
Scrolls
 b - a scroll of noise
 h - a scroll of holy word
 s - a scroll of enchant armour
 t - 2 scrolls of magic mapping
Potions
 d - 5 potions of might
 f - 2 potions of curing
 i - 3 potions of heal wounds
 j - a potion of haste {unknown}
 k - a potion of cancellation {unknown}
 p - a potion of flight {unknown}
 u - a potion of invisibility {unknown}
 z - a potion of lignification {unknown}


   Skills:
 - Level 3.2 Fighting
 + Level 9.5 Axes
 - Level 3.2 Armour
 - Level 3.2 Shields


You had 7 spell levels left.
You didn't know any spells.
Your spell library contained the following spells:

 Spells                   Type           Power      Damage    Failure   Level
 Animate Skeleton         Necr           0%         N/A       99%         1
 Pain                     Necr           0%         1d4       99%         1
 Sandblast                Erth           0%         2d4       99%         1
 Passwall                 Tmut/Erth      0%         N/A       100%        2
 Stone Arrow              Conj/Erth      0%         3d7       100%        3
 Vampiric Draining        Necr           0%         2d6       100%        3


Dungeon Overview and Level Annotations

Branches:
Dungeon (5/15)             Temple (0/1) D:5         Ossuary (visited)

Altars:
Elyvilon

Annotations:
D:4 Edmund, Ijyb


Innate Abilities, Weirdness & Mutations

You are immune to sickness and miasma.
Your stone body is resilient. (AC +5)
You are immune to poison.
You resist negative energy. (rN+)
You are resistant to electric shocks. (rElec)
You are resistant to unholy torment.
You are immune to petrification.


Message History

Reactivating autopickup.
The sky beast hits you. The sky beast shocks you. You resist.
You barely miss the sky beast.
The sky beast is almost dead.
The sky beast hits you. The sky beast shocks you. You resist.
You barely miss the sky beast.
The sky beast is almost dead.
The sky beast flickers out of sight!
Deactivating autopickup; reactivate with Ctrl-A.
Something hits you but does no damage.
A sky beast appears from thin air!
Reactivating autopickup.
You barely miss the sky beast.
The sky beast is almost dead.
The sky beast hits you but does no damage.
You closely miss the sky beast.
The sky beast is almost dead.
The sky beast hits you but does no damage.
You slash the sky beast!
You kill the sky beast!
You hit the scorpion zombie but do no damage.
The scorpion zombie barely misses you.
You slash the scorpion zombie!
The scorpion zombie is moderately damaged.
The scorpion zombie hits you but does no damage.
You hit the scorpion zombie.
The scorpion zombie is moderately damaged.
The scorpion zombie hits you but does no damage.
You closely miss the ogre. You hit the ogre.
The ogre is moderately wounded.
The ogre barely misses you.
You slash the ogre!
The ogre is almost dead.
The ogre hits you with a +0 giant spiked club!!
* * * LOW HITPOINT WARNING * * *
You completely miss the ogre.
The ogre is almost dead.
The ogre hits you with a +0 giant spiked club.
You die...

♣....♣♣♣♣ ♣.♣♣♣
♣$. ♣♣..♣♣♣
♣♣♣.♣♣ ♣♣♣
♣..♣♣ ♣♣....♣♣♣
♣♣..♣♣♣♣
♣..♣♣...♣
♣♣....♣
♣♣.♣♣♣♣.♣♣♣♣ ♣♣
♣...♣♣♣ ♣♣.♣♣
♣♣.).♣♣♣♣
.♣♣♣...♣ ♣.♣♣
♣♣♣♣...♣♣
..†)..♣♣ ♣♣..♣
♣♣♣♣.. ♣♣♣♣♣♣♣
♣♣♣@.♣♣ ♣♣.
♣.O.♣♣ ♣♣ ♣Z♣♣♣
#######≈#
)..O....#
###...........#
##.#.######.#
#.#. # #.


You could see an ogre and a scorpion zombie.

Vanquished Creatures
  A vampire mosquito (D:5)
  2 sky beasts (D:5)
  An ice beast (D:5)
  A necrophage (D:5)
  An ogre (D:5)
  A kobold brigand (D:4)
  A phantom (D:5)
  A bullfrog (D:5)
  A water moccasin skeleton (D:4)
  A jelly (D:4)
  An orc priest (D:4)
  A bullfrog zombie (D:5)
  Crazy Yiuf (D:3)
  2 hounds
  Jessica (D:2)
  An orc wizard (D:5)
  A killer bee zombie (D:5)
  A mummy (Ossuary)
  A hound skeleton (D:4)
  Robin (D:3)
  4 gnolls
  4 adders
  A shadow imp (D:5)
  An adder skeleton (D:4)
  A dart slug (D:2)
  2 orcs (D:4)
  2 spectral bats (Ossuary)
  7 endoplasms
  6 giant cockroaches
  12 gnoll zombies (Ossuary)
  10 goblins
  8 hobgoblins
  22 kobolds
  2 quokkas (D:3)
  5 ball pythons
  4 bat simulacra (Ossuary)
  A frilled lizard (D:1)
  4 goblin simulacra (Ossuary)
  5 goblin zombies (Ossuary)
  5 hobgoblin zombies (Ossuary)
  A kobold simulacrum (Ossuary)
  3 kobold zombies (Ossuary)
  5 orc zombies (Ossuary)
  3 rat simulacra (Ossuary)
  5 spectral goblins (Ossuary)
  4 spectral kobolds (Ossuary)
149 creatures vanquished.

Vanquished Creatures (others)
  37 plants (D:4)
37 creatures vanquished.

Grand Total: 186 creatures vanquished

Notes
Turn   | Place    | Note
-------+----------+-------------------------------------------
     0 | D:1      | Woods the Gargoyle Fighter began the quest for the Orb.
     0 | D:1      | Reached XP level 1. HP: 14/14 MP: 1/1
    74 | D:1      | Reached skill level 2 in Axes
   371 | D:1      | Reached XP level 2. HP: 19/19 MP: 2/2
  1025 | D:2      | Noticed Jessica
  1032 | D:2      | Killed Jessica
  1033 | D:2      | Reached skill level 3 in Axes
  1033 | D:2      | Reached XP level 3. HP: 23/23 MP: 3/3
  1793 | D:3      | Found a runed translucent door.
  1794 | D:3      | Noticed Crazy Yiuf
  1830 | D:3      | Reached XP level 4. HP: 16/28 MP: 4/4
  1840 | D:3      | Reached skill level 4 in Axes
  2155 | D:3      | Found a white marble altar of Elyvilon.
  2173 | D:3      | Noticed Robin
  2230 | D:3      | Killed Robin
  2231 | D:3      | Reached XP level 5. HP: 10/32 MP: 5/5
  2638 | D:3      | Found a faded altar of an unknown god.
  2680 | D:3      | Identified the +3 robe of Marbles {+Blink rF+ SInv}
  3047 | D:3      | Killed Crazy Yiuf
  3048 | D:3      | Reached skill level 5 in Axes
  3451 | D:4      | Reached XP level 6. HP: 36/37 MP: 6/6
  3467 | D:4      | Noticed a necrophage
  3468 | D:4      | Noticed Ijyb
  3938 | D:4      | Reached skill level 6 in Axes
  4295 | D:4      | Noticed Edmund
  4520 | D:5      | Entered Level 5 of the Dungeon
  4545 | D:5      | Found a sand-covered staircase.
  4550 | Ossuary  | Entered an ossuary
  4609 | Ossuary  | Reached XP level 7. HP: 41/41 MP: 7/7
  5058 | D:5      | Reached skill level 7 in Axes
  5211 | D:5      | Found a staircase to the Ecumenical Temple.
  5549 | D:5      | Reached skill level 8 in Axes
  5609 | D:5      | Reached XP level 8. HP: 41/46 MP: 8/8
  5701 | D:5      | Reached skill level 9 in Axes
  6057 | D:5      | HP: 1/46 [ogre (21)]
  6059 | D:5      | Slain by an ogre

Illustrated notes

Levels and vault maps discovered:
D:1:      lemuel_arrival_lava_pool, layout_basic
D:2:      layout_rooms, serial_curves, eino_curves_03, eino_curves_03,
          eino_curves_04, nrook_uturn, serial_bayou_lagoon_b, uniq_jessica
D:3:      layout_basic, lemuel_doored_altar,
          hellmonk_ecumenical_altar_heavens_door, uniq_crazy_yiuf_cottage,
          uniq_robin
D:4:      kennysheep_kobold_camp, layout_rooms, uniq_ijyb, uniq_edmund
D:5:      kb_forest_paths, layout_loops_ring,
          minmay_temple_entry_enclosed_plants, enter_ossuary_5, uniq_sigmund,
          uniq_menkaure

Skill      XL: |  1  2  3  4  5  6  7  8 |
---------------+-------------------------+-----
Axes           | 2 3 4 5 6 8 9 |  9.5
Fighting       | |  3.2
Armour         | |  3.2
Shields        | |  3.2

Action                   |  1- 3 |  4- 6 |  7- 9 || total
-------------------------+-------+-------+-------++-------
Melee: War axe           |    54 |   204 |   252 ||   510
       Unarmed           |       |     2 |       ||     2
  Use: Scroll            |       |       |     7 ||     7
       Potion            |       |       |     3 ||     3
Armor: Scale mail        |    23 |       |       ||    23
       Chain mail        |     8 |   102 |   174 ||   284
       Skin              |       |     4 |       ||     4
Dodge: Dodged            |    32 |   105 |    78 ||   215
Block: Buckler           |    12 |    43 |    42 ||    97
